 Dungeon Crawl Stone Soup version 0.30-a0-989-g0d87f670db (webtiles) character file.

Game seed: 16288668633875876902

37 Elsrick the Magician (level 3, -7/25 HPs)
             Began as a Djinni Fire Elementalist on Apr 3, 2023.
             Mangled by Terence
             ... wielding a +1 mace of protection
              (9 damage)
             ... on level 1 of the Dungeon.
             The game lasted 00:08:07 (810 turns).

Elsrick the Magician (Djinni Fire Elementalist)      Turns: 810, Time: 00:08:08

Health: -7/25      AC:  2    Str:  7    XL:     3   Next: 60%
Gold:   65         EV: 12    Int: 18    God:
                   SH:  0    Dex: 13

rFire   + + .      SeeInvis .    h - staff of cold
rCold   . . .      Faith    .    (no shield)
rNeg    . . .      Spirit   .    a - +0 robe
rPois   ∞          Reflect  .    (no helmet)
rElec   .          Rampage  .    (no cloak)
rCorr   .                        (no gloves)
Will    .....                    (boots unavailable)
Stlth   ++                       (no amulet)
HPRegen 0.24/turn                (no ring)
MPRegen 0.00/turn                (no ring)

@: flying, very slightly contaminated
A: sickness immunity, fire resistance 2, cold vulnerability 1, float, innate
caster, HP casting, extra vitality 1
a: no special abilities


You were on level 1 of the Dungeon.
You visited 1 branch of the dungeon, and saw 2 of its levels.

You collected 65 gold pieces.

Inventory:

Armour
 a - a +0 robe (worn)
Magical Staves
 h - a staff of cold (weapon)
Jewellery
 g - an amulet of guardian spirit
Scrolls
 d - 2 scrolls of identify {unknown}
 f - a scroll of acquirement {unknown}
Potions
 b - a potion of magic {unknown}
 c - 3 potions of ambrosia {unknown}
 e - a potion of curing {unknown}


   Skills:
 + Level 2.5 Dodging
 + Level 2.1 Stealth
 + Level 3.1 Spellcasting


You knew the following spells:

 Your Spells              Type           Power      Damage    Failure   Level
a - Foxfire               Conj/Fire      52%        2x1d4     4%          1
b - Scorch                Fire           26%        2d6       7%          2
c - Kindle Blastsparks    Fire/Tloc/Air  26%        2d12      14%         3
d - Inner Flame           Hex/Fire       13%        N/A       14%         3
e - Flame Wave            Conj/Fire      13%        2d6       41%         4
f - Summon Small Mammal   Summ           52%        N/A       4%          1
Your spell library was empty.

Dungeon Overview and Level Annotations

Branches:
Dungeon (2/15)

Altars:

Annotations:
D:1 Terence


Innate Abilities, Weirdness & Mutations

You are immune to sickness and miasma.
You are immune to poison.
Your flesh is very heat resistant. (rF++)
You are vulnerable to cold. (rC-)
You float through the air rather than walking.
You learn spells naturally, not from books.
Your magical power is your life essence.
You have superior vitality. (+4 MHP)


Message History

Casting: Foxfire (safe; 4% risk of failure)
Confirm with . or Enter, or press ? or * to list all spells.
Flames lash Terence.
Terence resists.
Terence is lightly wounded.
Terence's fire resistance burns away.
The foxfire hits Terence but does no damage.
Terence is lightly wounded.
The foxfire hits Terence but does no damage.
Terence is lightly wounded.
Terence hits you with a +1 mace of protection!
Casting: Scorch (safe; 7% risk of failure)
Confirm with . or Enter, or press ? or * to list all spells.
Okay, then.
Terence is no longer more vulnerable to fire.
Terence attacks as you move away! Terence misses you.
Terence attacks as you move away!
Terence hits you with a +1 mace of protection.
Terence attacks as you move away! Terence misses you.
Terence attacks as you move away! Terence closely misses you.
There is a stone staircase leading up here.
Terence hits you with a +1 mace of protection.
You fly upwards.
There is a stone staircase leading down here.
Terence closely misses you. Terence attacks as you move away!
Terence hits you with a +1 mace of protection.
* * * LOW HITPOINT WARNING * * *
Terence attacks as you move away! Terence closely misses you.
Terence attacks as you move away! Terence completely misses you.
Terence attacks as you move away!
Terence hits you with a +1 mace of protection.
* * * LOW HITPOINT WARNING * * *
Casting: Scorch (safe; 7% risk of failure)
Confirm with . or Enter, or press ? or * to list all spells.
You miscast Scorch.
You are very lightly contaminated with residual magic.
Nothing appears to happen.
* * * LOW HITPOINT WARNING * * *
Terence hits you with a +1 mace of protection!
You die...

..##.............######.....†....
..##..†....#.###....# #..........
...###.#...#.# #....###.^........
.....#.#.###.# #....##...).......
..##.........# #....##...........
..####.......# #....##......##...
†......#..##.###....######.###..(
..#######.##...#....######...#...
..# ##.......@@................
..# #..#####.#...)...###......#
#######.#### #.........# #......#
####.......#######.....# #......#
#.............## #.....# #......#
...............###.....# #......#
.......⌠........##.....###......#
......⌠>⌠.......##.#............#
.......⌠........##.#.......####.#


You could see Terence.

Vanquished Creatures
  A worm (D:2)
  A dart slug (D:1)
  3 endoplasms (D:1)
  2 giant cockroaches (D:1)
  3 goblins (D:1)
  2 hobgoblins (D:1)
  3 kobolds
  4 ball pythons
  3 bats (D:1)
  A frilled lizard (D:1)
  6 rats (D:1)
29 creatures vanquished.

Vanquished Creatures (others)
  84 foxfires
84 creatures vanquished.

Grand Total: 113 creatures vanquished

Notes
Turn   | Place    | Note
-------+----------+-------------------------------------------
     0 | D:1      | Elsrick the Djinni Fire Elementalist began the quest for
                  | the Orb.
     0 | D:1      | Elsrick set off with the following spells memorised:
                  | Foxfire, Scorch, Kindle Blastsparks, Inner Flame, Flame
                  | Wave.
     0 | D:1      | Reached XP level 1. HP: 15/15 MP: 0/0
   166 | D:1      | Reached XP level 2. HP: 21/21 MP: 0/0
   340 | D:1      | Reached XP level 3. HP: 23/25 MP: 0/0
   340 | D:1      | Learned a level 1 spell: Summon Small Mammal
   458 | D:1      | Reached skill level 3 in Spellcasting
   768 | D:2      | Found a faded altar of an unknown god.
   774 | D:2      | Noticed Terence
   810 | D:1      | Mangled by Terence

Illustrated notes

Levels and vault maps discovered:
D:1:      dpeg_arrival_three_bigger_balls, layout_basic
D:2:      layout_rooms, basic_altar, dreamdust_ecumenical_altar_statues,
          chequers_serial_rivers_small_3, uniq_terence

Skill      XL: |  1  2  3 |
---------------+----------+-----
Stealth        | 2 |  2.1
Spellcasting   | 3 |  3.1
Dodging        | |  2.5

Action                     || total
---------------------------++-------
  Melee: Unarmed           ||    12
   Cast: Foxfire           ||    53
         Scorch            ||     1
   Stab: Sleeping          ||     1
 Armour: Robe              ||     4
  Dodge: Dodged            ||    21

Table legend: (Time is in decaauts)
 A = Elapsed time spent in this place.
 B = Non-inter-level travel time spent in this place.
 C = Inter-level travel time spent in this place.
 D = Time resting spent in this place.
 E = Time spent auto-exploring this place.
 F = Levels seen in this place.
 G = Mean time per level.
                   A        B        C        D        E       F      G
               +--------+--------+--------+--------+--------+-----+--------+
         Total |    809 |    782 |     27 |      0 |    404 |   2 |  404.5 |
       Dungeon |    809 |    782 |     27 |      0 |    404 |   2 |  404.5 |
               +--------+--------+--------+--------+--------+-----+--------+

Top non-repeatable levels by time:
     D:1: 745 daAuts
     D:2: 64 daAuts
